 Dungeon Sprint DCSS version 0.22-a0-135-g6f012ad (webtiles) character file.

15 Faca the Charlatan (level 2, -3/23 HPs)
             Began as a Gnoll Wanderer on Jan 31, 2018.
             Shot with an arrow by a centaur (10 damage)
             ... in the Dungeon (Sprint IX: "|||||||||||||||||||||||||||||").
             The game lasted 00:00:23 (112 turns).

Faca the Charlatan (Gnoll Wanderer)                  Turns: 112, Time: 00:00:24

Health: -3/23      AC:  2    Str: 11    XL:     2   Next: 50%
Magic:  6/6        EV: 12    Int: 16    God:
Gold:   0          SH:  0    Dex: 15    Spells: 7/7 levels left

rFire    . . .     SeeInvis .   b - +0 shortbow
rCold    . . .     Gourm    .   (shield currently unavailable)
rNeg     . . .     Faith    .   e - +0 robe
rPois    .         Spirit   .   (no helmet)
rElec    .         Reflect  .   (no cloak)
rCorr    .         Harm     .   (no gloves)
MR       .....     NoTele   +   (no boots)
Stlth    ++........             (no amulet)
HPRegen  0.07/turn              (no ring)
MPRegen  0.10/turn              (no ring)

@: no status effects
A: distributed training, fangs 1, strong nose
a: no special abilities


You were in the Dungeon.
You were not hungry.

You visited 1 branch

Inventory:

Hand Weapons
 b - a +0 shortbow (weapon)
Missiles
 c - 17 arrows (quivered)
Armour
 e - a +0 robe (worn)
Wands
 a - a wand of enslavement (15)
Scrolls
 l - a scroll of blinking
Potions
 d - a potion of lignification
 g - a potion of curing
 h - a potion of heal wounds
 i - a potion of haste
 j - 2 potions of magic
 k - a potion of berserk rage
Comestibles
 f - a ration


   Skills:
 + Level 2.9 Fighting
 + Level 1.4 Short Blades
 + Level 1.4 Long Blades
 + Level 1.4 Axes
 + Level 1.4 Maces & Flails
 + Level 1.4 Polearms
 + Level 1.4 Staves
 + Level 1.4 Slings
 + Level 4.7 Bows
 + Level 1.4 Crossbows
 + Level 1.4 Throwing
 + Level 4.7 Armour
 + Level 1.4 Dodging
 + Level 1.4 Stealth
 + Level 1.4 Shields
 + Level 1.4 Unarmed Combat
 + Level 3.1 Spellcasting
 + Level 1.1 Conjurations
 + Level 3.9 Hexes
 + Level 1.1 Charms
 + Level 1.1 Summonings
 + Level 1.1 Necromancy
 + Level 1.1 Translocations
 + Level 1.1 Transmutations
 + Level 1.1 Fire Magic
 + Level 1.1 Ice Magic
 + Level 1.1 Air Magic
 + Level 1.1 Earth Magic
 + Level 1.1 Poison Magic
 + Level 1.5 Invocations
 + Level 4.7 Evocations


You had 7 spell levels left.
You didn't know any spells.

Dungeon Overview and Level Annotations

Branches:
Dungeon (1/1)

Altars:


Innate Abilities, Weirdness & Mutations

Your experience applies equally to all skills.
You have very sharp teeth.
Your uncanny sense of smell can sniff out nearby items.


Message History

Press: ? - help, Shift-Dir - straight line, f/p - bat zombie
Aim: a bat zombie (moderately damaged)
You shoot an arrow. The arrow hits the bat zombie.
The bat zombie is severely damaged.
The bat zombie hits you but does no damage. x2
The bat zombie closely misses you.
Firing (i - inventory)
c - 19 arrows (quivered)
Press: ? - help, Shift-Dir - straight line, f/p - bat zombie
Aim: a bat zombie (severely damaged)
You shoot an arrow. The arrow hits the bat zombie.
You destroy the bat zombie!
The centaur wields a shortbow.
The centaur shoots an arrow.
The arrow hits you!
The centaur shoots an arrow.
The arrow barely misses you.
Firing (i - inventory)
c - 18 arrows (quivered)
Press: ? - help, Shift-Dir - straight line, f - centaur
Aim: a centaur, wielding a shortbow You shoot an arrow.
The arrow hits the centaur.
The centaur is lightly wounded.
The centaur shoots an arrow.
The arrow hits you!
You die...

▓.▓
▓.▓
▓.▓
▓(▓
▓†▓
▓.▓
▓.▓
∆
▓.▓
∆
▓@▓
∆
▓(▓
∆
▓c▓
∆
▓Z▓
∆
▓o▓
∆
▓.▓
∆
▓.▓
∆
▓+▓


You could see a centaur, an orc and a bat skeleton.

Vanquished Creatures
  An adder (D)
  A bat zombie (D)
  2 hobgoblins (D)
  3 rats (D)
7 creatures vanquished.

Notes
Turn   | Place    | Note
-------+----------+-------------------------------------------
     0 | D        | Faca the Gnoll Wanderer began the quest for the Orb.
     0 | D        | Faca set off with: a wand of enslavement (15), a +0 shortbow, 27 arrows, a potion of lignification, a +0 robe, a ration, a potion of curing, a potion of heal wounds, a potion of haste, 2 potions of magic, a potion of berserk rage, a scroll of blinking
     0 | D        | Reached XP level 1. HP: 17/17 MP: 4/4
    12 | D        | Reached skill level 1 in Invocations
   104 | D        | Noticed a centaur
   107 | D        | Reached skill level 1 in Short Blades
   107 | D        | Reached skill level 1 in Long Blades
   107 | D        | Reached skill level 1 in Axes
   107 | D        | Reached skill level 1 in Maces & Flails
   107 | D        | Reached skill level 1 in Polearms
   107 | D        | Reached skill level 1 in Staves
   107 | D        | Reached skill level 1 in Slings
   107 | D        | Reached skill level 1 in Crossbows
   107 | D        | Reached skill level 1 in Throwing
   107 | D        | Reached skill level 1 in Dodging
   107 | D        | Reached skill level 1 in Stealth
   107 | D        | Reached skill level 1 in Shields
   107 | D        | Reached skill level 1 in Unarmed Combat
   107 | D        | Reached skill level 1 in Conjurations
   107 | D        | Reached skill level 1 in Charms
   107 | D        | Reached skill level 1 in Summonings
   107 | D        | Reached skill level 1 in Necromancy
   107 | D        | Reached skill level 1 in Translocations
   107 | D        | Reached skill level 1 in Transmutations
   107 | D        | Reached skill level 1 in Fire Magic
   107 | D        | Reached skill level 1 in Ice Magic
   107 | D        | Reached skill level 1 in Air Magic
   107 | D        | Reached skill level 1 in Earth Magic
   107 | D        | Reached skill level 1 in Poison Magic
   107 | D        | Reached XP level 2. HP: 19/23 MP: 6/6
   112 | D        | Shot with an arrow by a centaur

Vault maps used:
D:        linesprint

Skill      XL: |  1 |
---------------+----+-----
Invocations    | 1 |  1.5
Short Blades   | 1 |  1.4
Long Blades    | 1 |  1.4
Axes           | 1 |  1.4
Maces & Flails | 1 |  1.4
Polearms       | 1 |  1.4
Staves         | 1 |  1.4
Slings         | 1 |  1.4
Crossbows      | 1 |  1.4
Throwing       | 1 |  1.4
Dodging        | 1 |  1.4
Stealth        | 1 |  1.4
Shields        | 1 |  1.4
Unarmed Combat | 1 |  1.4
Spellcasting   | 3 |  3.1
Conjurations   | 1 |  1.1
Charms         | 1 |  1.1
Summonings     | 1 |  1.1
Necromancy     | 1 |  1.1
Translocations | 1 |  1.1
Transmutations | 1 |  1.1
Fire Magic     | 1 |  1.1
Ice Magic      | 1 |  1.1
Air Magic      | 1 |  1.1
Earth Magic    | 1 |  1.1
Poison Magic   | 1 |  1.1
Fighting       | |  2.9
Bows           | |  4.7
Armour         | |  4.7
Hexes          | |  3.9
Evocations     | |  4.7

Action                   || total
-------------------------++-------
 Fire: Shortbow          ||    17
Armor: Robe              ||     5
Dodge: Dodged            ||     6

Table legend:
 A = Spawn XP
 B = Non-spawn XP
 C = Spawn XP percentage of total XP
 D = Spawn monster count
 E = Non-spawn monster count
 F = Spawn count percentage of total count
 G = Total turns spent on level
                    A         B        C        D         E        F      G
               +---------+---------+-------+---------+---------+-------+---------
         Total |       0 |      22 |   0.0 |       0 |       7 |   0.0 |   112
               +---------+---------+-------+---------+---------+-------+---------
             D |       0 |      22 |   0.0 |       0 |       7 |   0.0 |   112
               +---------+---------+-------+---------+---------+-------+---------
